 Dungeon Crawl Stone Soup version 0.22.1-2-g9c5b331 (webtiles) character file.

54 redwoodhats the Vexing (level 3, -2/26 HPs)
             Began as a Mummy Arcane Marksman on Dec 12, 2018.
             Was a Follower of Cheibriados.
             Slain by an orc wizard
             ... wielding a +0 dagger
              (4 damage)
             ... on level 2 of the Dungeon.
             The game lasted 00:14:13 (2034 turns).

redwoodhats the Vexing (Mummy Arcane Marksman)      Turns: 2034, Time: 00:14:14

Health: -2/26      AC:  3    Str: 17    XL:     3   Next: 66%
Magic:  5/5        EV: 12    Int: 15    God:    Cheibriados [*.....]
Gold:   84         SH:  0    Dex: 15    Spells: 4/5 levels left

rFire    x . .     SeeInvis .   a - +1 shortbow
rCold    + . .     Gourm    .   (shield currently unavailable)
rNeg     + + +     Faith    .   e - +1 robe
rPois    ∞         Spirit   .   (no helmet)
rElec    .         Reflect  .   (no cloak)
rCorr    .         Harm     .   (no gloves)
MR       .....                  (no boots)
Stlth    +.........             (no amulet)
HPRegen  0.08/turn              (no ring)
MPRegen  0.09/turn              (no ring)

@: slowed, very slow
A: no food or potions, fire vulnerability, cold resistance 1, negative energy
resistance 3, torment resistance, unbreathing
a: Bend Time, Renounce Religion


You were on level 2 of the Dungeon.
You worshipped Cheibriados.
Cheibriados was aware of your devotion.
You were not hungry.

You visited 1 branch of the dungeon, and saw 2 of its levels.

You collected 84 gold pieces.

Inventory:

Hand Weapons
 a - a +1 shortbow (weapon)
 f - a +1 dagger of venom
 i - a +0 quarterstaff
Missiles
 d - 15 arrows (quivered)
Armour
 e - a +1 robe (worn)
 h - a +4 ring mail
Scrolls
 b - a scroll of teleportation
 c - 5 scrolls of identify
 g - a scroll of immolation {unknown}
 l - a scroll of amnesia


   Skills:
 + Level 1.5 Fighting
 + Level 2.3 Bows
 + Level 1.8 Dodging
 + Level 0.2 Stealth
 + Level 1.8 Spellcasting
 + Level 3.1 Hexes


You had 4 spell levels left.
You knew the following spells:

 Your Spells              Type           Power        Failure   Level  Hunger
a - Corona                Hex            ##.....      6%          1    N/A

Your spell library contained the following spells:

 Spells                   Type           Power        Failure   Level  Hunger
 Slow                     Hex            ##......     10%         2    N/A
 Inner Flame              Hex/Fire       #.......     34%         3    N/A
 Portal Projectile        Hex/Tloc       #.....       34%         3    N/A
 Cause Fear               Hex            ##........   52%         4    N/A
 Leda's Liquefaction      Hex/Erth       #.........   75%         4    N/A

Dungeon Overview and Level Annotations

Branches:
Dungeon (2/15)

Altars:
Cheibriados


Innate Abilities, Weirdness & Mutations

You do not eat or drink.
Your flesh is vulnerable to fire.
You are immune to poison.
Your flesh is cold resistant. (rC+)
You are immune to negative energy. (rN+++)
You are immune to unholy pain and torment.
You can survive without breathing.


Message History

You feel yourself slow down.
Firing (i - inventory)
d - 17 arrows (quivered)
Press: ? - help, Shift-Dir - straight line, f/p - orc wizard
Aim: an orc wizard, wielding a dagger and wearing a robe (severely wounded, You shoot an arrow.
The arrow barely misses the orc wizard.
The orc wizard points at you and mumbles some strange words.
You feel as though you will be slow longer.
The orc wizard closely misses you. The orc wizard hits you with a dagger.
Firing (i - inventory)
d - 16 arrows (quivered)
Press: ? - help, Shift-Dir - straight line, f/p - orc wizard
Aim: an orc wizard, wielding a dagger and wearing a robe (severely wounded, You shoot an arrow.
The arrow closely misses the orc wizard.
The orc wizard points at you and mumbles some strange words.
The magic dart hits you!
* * * LOW HITPOINT WARNING * * *
The orc wizard hits you with a dagger.
* * * LOW HITPOINT WARNING * * *
The orc wizard hits you with a dagger.
You die...

.#.######## ##.# #..#
#.# #..# #.# #..# #.#
#..# #.# #..# #.# #..#
#.##########..#########
#.......(...[.o@(.....(
#######################


You could see an orc wizard.

Vanquished Creatures
  2 oozes (D:1)
  2 worms (D:2)
  A leopard gecko (D:2)
  2 orcs (D:2)
  A ball python (D:2)
  7 bats
  4 goblins
  6 hobgoblins
  2 frilled lizards (D:2)
  5 kobolds
  3 rats
35 creatures vanquished.

Notes
Turn   | Place    | Note
-------+----------+-------------------------------------------
     0 | D:1      | redwoodhats the Mummy Arcane Marksman began the quest for
                  | the Orb.
     0 | D:1      | Reached XP level 1. HP: 15/15 MP: 2/2
    95 | D:1      | Found a snail-covered altar of Cheibriados.
   108 | D:1      | Reached skill level 3 in Hexes
   121 | D:1      | Became a worshipper of Cheibriados the Contemplative
   144 | D:1      | Reached XP level 2. HP: 21/21 MP: 2/4
  1213 | D:2      | Reached XP level 3. HP: 26/26 MP: 5/5
  1350 | D:2      | Reached * piety under Cheibriados
  2034 | D:2      | Slain by an orc wizard

Skill      XL: |  1  2 |
---------------+-------+-----
Hexes          | 3 |  3.1
Bows           | 2 |  2.3
Fighting       | |  1.5
Dodging        | |  1.8
Stealth        | |  0.2
Spellcasting   | |  1.8

Action                   || total
-------------------------++-------
Melee: Dagger            ||     9
 Fire: Shortbow          ||    91
 Cast: Corona            ||    11
  Use: Scroll            ||     6
Armor: Robe              ||    17
Dodge: Dodged            ||    44
